 Dungeon Crawl Stone Soup version 0.28-b1-1-g3c77fb2ed1 (webtiles) character file.

Game seed: 439225873286407817

28 acdeimund the Magician (level 3, 26/26 HPs)
             Began as a Djinni Fire Elementalist on Jan 28, 2022.
             Quit the game on level 1 of the Dungeon.
             The game lasted 00:05:34 (1262 turns).

acdeimund the Magician (Djinni Fire Elementalist)   Turns: 1262, Time: 00:05:34

Health: 26/26      AC:  2    Str:  7    XL:     3   Next: 27%
Gold:   81         EV: 12    Int: 18    God:
                   SH:  0    Dex: 13

rFire   + + .      SeeInvis .   f - +0 dagger
rCold   x . .      Faith    .   (no shield)
rNeg    + . .      Spirit   .   a - +0 robe
rPois   ∞          Reflect  .   (no helmet)
rElec   .          Harm     .   (no cloak)
rCorr   .          Rampage  .   (no gloves)
Will    .....                   (boots unavailable)
Stlth   ++........              (no amulet)
HPRegen 0.08/turn               e - ring of positive energy
MPRegen 0.00/turn               (no ring)

@: flying
A: sickness immunity, fire resistance 2, cold vulnerability 1, float, innate
caster, hp casting, extra vitality 1
a: no special abilities


You were on level 1 of the Dungeon.
You visited 1 branch of the dungeon, and saw 1 of its levels.

You collected 81 gold pieces.

Inventory:

Hand Weapons
 b - a +0 long sword
 f - a +0 dagger (weapon)
Armour
 a - a +0 robe (worn)
Jewellery
 e - a ring of positive energy (left hand)
Scrolls
 d - 2 scrolls of teleportation {unknown}
 g - 2 scrolls of identify {unknown}
Potions
 c - a potion of degeneration {unknown}


   Skills:
 + Level 0.9 Fighting
 + Level 2.6 Dodging
 + Level 2.0 Stealth
 * Level 2.8 Spellcasting


You couldn't memorise any spells.
You knew the following spells:

 Your Spells              Type           Power      Damage    Failure   Level
a - Foxfire               Conj/Fire      48%        2x1d6     5%          1
b - Scorch                Fire           24%        2d6       8%          2
c - Conjure Flame         Conj/Fire      12%        6-21      16%         3
d - Inner Flame           Hex/Fire       12%        N/A       16%         3
e - Flame Wave            Conj/Fire      12%        2d6       45%         4
f - Slow                  Hex            48%        N/A       5%          1
Your spell library was empty.

Dungeon Overview and Level Annotations

Branches:
Dungeon (1/15)

Altars:


Innate Abilities, Weirdness & Mutations

You are immune to sickness and miasma.
You are immune to poison.
Your flesh is very heat resistant. (rF++)
You are vulnerable to cold. (rC-)
You float through the air rather than walking.
You learn spells naturally, not from books.
Your magical power is your life essence.
You have superior vitality. (+4 MHP)


Message History

You conjure some foxfire!
A kobold comes into view. It is wielding a +0 club.
The foxfire hits the kobold.
The kobold is heavily wounded.
The foxfire hits the kobold but does no damage.
Casting: Foxfire (safe; 5% risk of failure)
Press: ? - help, Q - select action, (/) - cycle Dir - look around, f - activate You miscast Foxfire.
You are very lightly contaminated with residual magic.
Nothing appears to happen.
The kobold throws a stone.
The stone closely misses you.
Casting: Foxfire (safe; 5% risk of failure)
Press: ? - help, Q - select action, (/) - cycle Dir - look around, f - activate You conjure some foxfire!
The foxfire hits the kobold.
You kill the kobold!
The foxfire hits the kobold.
You kill the kobold!
Your Stealth skill increases to level 2!
Casting: Foxfire (safe; 5% risk of failure)
Press: ? - help, Q - select action, (/) - cycle Dir - look around, f - activate You conjure some foxfire!
The foxfire hits the rat.
You kill the rat!
Your magical contamination has completely faded away.
Your foxfire dissipates!
You see here a rat corpse.
Things that are here:
a +0 club; a kobold corpse You now have 81 gold pieces (gained 15).
Things that are here:
a +0 short sword; 2 stones; a kobold corpse You see here a +0 club.
There is a stone staircase leading down here.
You see here 26 arrows.
Found 6 silver javelins.
Found a dagger.
Done exploring.
Done exploring.
Are you sure you want to abandon this character and quit the game? (Confirm with "yes".)

#..............#........
#####........####.......
#....#...# #........
#....#...###..#.....
#....#..............
######..................
#.......))..............
#........÷....##..#)....
#......@.........>......
########................
#...............#..
#####.............#.#..
#........÷........#.###
#............####...###
#............# #...+..
#............# #...###
#............# #...##.


There were no monsters in sight!

Vanquished Creatures
  3 dart slugs (D:1)
  A ball python (D:1)
  3 goblins (D:1)
  2 hobgoblins (D:1)
  2 kobolds (D:1)
  3 quokkas (D:1)
  3 bats (D:1)
  3 frilled lizards (D:1)
  2 rats (D:1)
22 creatures vanquished.

Vanquished Creatures (others)
  60 foxfires (D:1)
60 creatures vanquished.

Grand Total: 82 creatures vanquished

Notes
Turn   | Place    | Note
-------+----------+-------------------------------------------
     0 | D:1      | acdeimund the Djinni Fire Elementalist began the quest for
                  | the Orb.
     0 | D:1      | Reached XP level 1. HP: 15/15 MP: 0/0
   234 | D:1      | Reached XP level 2. HP: 20/22 MP: 0/0
   877 | D:1      | Reached XP level 3. HP: 24/26 MP: 0/0
   877 | D:1      | Learned a level 1 spell: Slow
  1262 | D:1      | Quit the game

Illustrated notes

Levels and vault maps discovered:
D:1:      pf_arrival_petrified_forest, layout_basic

Skill      XL: |  1  2  3 |
---------------+----------+-----
Stealth        | 2 |  2.0
Fighting       | |  0.9
Dodging        | |  2.6
Spellcasting   | |  2.8

Action                   || total
-------------------------++-------
Melee: Dagger            ||     2
 Cast: Foxfire           ||    34
 Stab: Sleeping          ||     1
Armor: Robe              ||     1
Dodge: Dodged            ||     5
